[Event "Late-Titled-Tuesday-Blitz-February-06-2024"]
[Site "Chess.com"]
[Date "2024.02.06"]
[Round "2"]
[White "topce"]
[Black "grzechu96"]
[Result "0-1"]
[WhiteElo "2388"]
[BlackElo "2727"]
[TimeControl "180+1"]
[EndTime "14:18:13 PST"]
[Termination "grzechu96 won by resignation"]

1. c4 e5 2. Nc3 Nf6 3. Nf3 Nc6 4. d3 Bb4 5. Bd2 O-O 6. a3 Bxc3 7. Bxc3 Re8 8. e3 d5 9. cxd5 Nxd5 10. Rc1 a5 11.
Be2 f6 12. O-O Be6 13. d4 e4 14. Nd2 f5 15. Bb5 Nde7 16. Nc4 Rf8 17. Ne5 Nxe5 18. dxe5 Nd5 19. Bc4 c6 20. Bxd5 Bxd5 21. Qd2 b6 22. Rfd1 Qe7 23. e6 Bb3 24. Qd7 Ra7 25. Qxe7 Rxe7 26.
Rd6 Rxe6 27. Rxe6 Bxe6 28. Rd1 Bd5 29. Be5 Rf7 30. Kf1 Re7 31. Bf4 Kf7 32. Ke1 Kf6 33. h4 Rd7 34. g3 g6 35. Rd2 Ke6 36. Kd1 Rb7 37. Kc2 b5 38. Rd4 c5 39. Rd2 b4 40.
axb4 axb4 41. Bh6 Kd6 42. Bf8+ Kc6 43. Kd1 Ra7 44. Kc2 Ra1 45. Bg7 b3+ 0-1

[Event "Late-Titled-Tuesday-Blitz-February-06-2024"]
[Site "Chess.com"]
[Date "2024.02.06"]
[Round "2"]
[White "arenal72"]
[Black "DanielDardha2005"]
[Result "0-1"]
[WhiteElo "2588"]
[BlackElo "2902"]
[TimeControl "180+1"]
[EndTime "14:18:14 PST"]
[Termination "DanielDardha2005 won by resignation"]

1. Nf3 d5 2. g3 Nc6 3. d4 Bf5 4. c4 e5 5. Nxe5 Nxe5 6. dxe5 dxc4 7. Qa4+ c6 8. Qxc4 Qa5+ 9. Nc3 Qxe5 10. Bg2 Qe6 11.
Qxe6+ Bxe6 12. Bd2 Nf6 13. O-O-O Bc5 14. f3 O-O-O 15. e4 h6 16. Kc2 Bc4 17. Bc1 a5 18. b3 Be6 19. Rhe1 g5 20. Na4 Bb4 21. Bd2 Rxd2+ 22.
Rxd2 Bxd2 23. Kxd2 Kc7 24. Kc2 Re8 25. Nc5 Bc8 26.
Nd3 Rg8 27. Ne5 Be6 28. Bf1 b5 29. Re3 Nd7 30. Nxd7 Bxd7 31. a3 h5 32. Rc3 Kd6 33. b4 Ra8 34. Kb2 axb4 35. axb4 Ra4 36. Rd3+ Ke7 37.
Kc3 Be6 38. Rd2 Ra3+ 39. Kd4 Kd6 40. e5+ Kc7 41. f4 gxf4 42. gxf4 Rf3 43. Ke4 Rxf1 0-1

[Event "Late-Titled-Tuesday-Blitz-February-06-2024"]
[Site "Chess.com"]
[Date "2024.02.06"]
[Round "2"]
[White "SmirnovTimofey2000"]
[Black "ACollins05"]
[Result "0-1"]
[WhiteElo "1965"]
[BlackElo "2421"]
[TimeControl "180+1"]
[EndTime "14:18:14 PST"]
[Termination "ACollins05 won on time"]

1. e4 c5 2. c3 Nf6 3. e5 Nd5 4. d4 cxd4 5. Nf3 d6 6. exd6 e6 7. cxd4 Bxd6 8. Nc3 O-O 9. Be2 Nc6 10. O-O Nce7 11.
Bg5 h6 12. Bh4 Nf4 13. Re1 Nxe2+ 14. Rxe2 Re8 15. Ne5 b6 16. d5 g5 17. Bg3 Bxe5 18. Bxe5 Nxd5 19. Rd2 Bb7 20. Rc1 Rc8 21. Nb5 Rxc1 22.
Qxc1 Qd7 23. Nd6 Rd8 24. Ne4 Qe7 25. Rxd5 Rc8 26. Qd1 exd5 27. Nf6+ Kf8 28. Nh7+ Ke8 29. Nf6+ Kd8 30. Nxd5 Qd7 31. Bf6+ Ke8 32. Qe2+ Qe6 33. Nc7+ Rxc7 34. Qb5+ Bc6 0-1

[Event "Late-Titled-Tuesday-Blitz-February-06-2024"]
[Site "Chess.com"]
[Date "2024.02.06"]
[Round "2"]
[White "wild3000"]
[Black "Mops_2004"]
[Result "0-1"]
[WhiteElo "2353"]
[BlackElo "2718"]
[TimeControl "180+1"]
[EndTime "14:18:16 PST"]
[Termination "Mops_2004 won by checkmate"]

1. e4 g6 2. d4 Bg7 3. Nf3 d6 4.
g3 Nc6 5. Bg2 Bg4 6. c3 e5 7. d5 Nce7 8. h3 Bd7 9. c4 f5 10.
Nc3 Nf6 11. exf5 gxf5 12. Bg5 h6 13. Bxf6 Bxf6 14. Nd2 h5 15. h4 Kf8 16. Bf3 Qe8 17. Qc2 c6 18. O-O-O Rc8 19. Kb1 e4 20. dxc6 Bxc6 21.
Be2 d5 22. Nb3 Kg7 23. c5 Kg6 24. f3 b6 25. g4 hxg4 26. fxg4 f4 27. g5 Be5 28.
h5+ Kxg5 29. Rdg1+ Kf6 30. Bg4 Nf5 31. cxb6 axb6 32. Bxf5 Kxf5 33. Qh2 Ke6 34. h6 Kd6 35. h7 Kc7 36. Qh6 Kb7 37. a4 Bxa4 38. Nxa4 Qxa4 39.
Qe6 Qxb3 40. Qxe5 Qc2+ 41. Ka2 Ra8# 0-1

[Event "Late-Titled-Tuesday-Blitz-February-06-2024"]
[Site "Chess.com"]
[Date "2024.02.06"]
[Round "2"]
[White "masnyszachistaaa"]
[Black "boguszp"]
[Result "1-0"]
[WhiteElo "2546"]
[BlackElo "2106"]
[TimeControl "180+1"]
[EndTime "14:18:16 PST"]
[Termination "masnyszachistaaa won on time"]

1. c4 c5 2. Nc3 g6 3. g3 Bg7 4. Bg2 Nc6 5. d3 e6 6. e4 Nge7 7. Nge2 Nd4 8. Be3 Nec6 9. O-O O-O 10. Rb1 d6 11. Qd2 Re8 12. a3 a5 13. Bg5 f6 14.
Be3 e5 15. Nd5 Be6 16. Nxd4 Nxd4 17. b4 Bxd5 18. cxd5 b6 19. bxc5 bxc5 20. Rb7 Re7 21. Rfb1 Rxb7 22. Rxb7 Rb8 23. Qb2 Rxb7 24. Qxb7 f5 25.
Bh3 h6 26. Bxd4 exd4 27. exf5 g5 28. Bg2 Bf6 29. Bf3 Qe7 30. Qc8+ Kg7 31. Bh5 Qf8 32.
Qc7+ Be7 33. Bg6 Qd8 34. Qa7 Kf6 35. Kg2 1-0

[Event "Late-Titled-Tuesday-Blitz-February-06-2024"]
[Site "Chess.com"]
[Date "2024.02.06"]
[Round "2"]
[White "sotochess"]
[Black "Sokoloco"]
[Result "1-0"]
[WhiteElo "2550"]
[BlackElo "2780"]
[TimeControl "180+1"]
[EndTime "14:18:17 PST"]
[Termination "sotochess won on time"]

1. e4 d6 2. d4 g6 3. Nc3 Bg7 4. Be3 a6 5. Qd2 b5 6. f3 Bb7 7. h4 h6 8. Nh3 e6 9. Nf2 Nd7 10. O-O-O Ngf6 11. g4 h5 12. g5 Ng8 13. f4 Ne7 14.
Bh3 d5 15. f5 exf5 16. exf5 gxf5 17. Nd3 Nb6 18. b3 Bc8 19. Qf2 Be6 20. Bf4 Nd7 21. Rhe1 c5 22. g6 Bxd4 23. gxf7+ Kxf7 24. Qd2 Qa5 25. Rxe6 Bxc3 26. Rxe7+ Kxe7 27. Bg5+ Kf8 28. Qf4 Nf6 29.
Qd6+ Kf7 30. Ne5+ Bxe5 31. Qxe5 Qb6 32. Qxf5 Raf8 33. Rxd5 Kg7 34. Qe5 Rf7 35. Rd6 Re8 36. Bxf6+ Kf8 37. Qxe8+ Kxe8 38. Rxb6 Rc7 39. c4 bxc4 40.
bxc4 Kf7 41. Bg5 a5 42. Be6+ Kg7 43. Bd5 a4 44. Kb2 Ra7 45. Ka3 Ra5 46. Rb5 Ra6 47. Rxc5 Rb6 48. Rc7+ Kh8 49. c5 Re6 50. Rh7+ Kxh7 51.
Bxe6 1-0

[Event "Late-Titled-Tuesday-Blitz-February-06-2024"]
[Site "Chess.com"]
[Date "2024.02.06"]
[Round "2"]
[White "Sjakkerntobi"]
[Black "alphienothere"]
[Result "0-1"]
[WhiteElo "2482"]
[BlackElo "2236"]
[TimeControl "180+1"]
[EndTime "14:18:17 PST"]
[Termination "alphienothere won by resignation"]

1. e4 c6 2. Nc3 d5 3. Nf3 dxe4 4. Nxe4 Bf5 5. Ng3 Bg4 6. Bc4 e6 7. h3 Bxf3 8. Qxf3 Nf6 9. c3 Nbd7 10. d4 Bd6 11.
Bd3 O-O 12. Bg5 Qc7 13. Nh5 Nxh5 14. Qxh5 h6 15. Bxh6 gxh6 16. Qxh6 f5 17. Qxe6+ Kg7 18. O-O-O Rae8 19. Qb3 Nf6 20. g4 Qf7 21. Bc4 Nd5 22.
gxf5 Qxf5 23. Rhg1+ Kf6 24. Bd3 Qf4+ 25. Kb1 Rg8 26. c4 Rxg1 27. Rxg1 Nb4 28. Rg6+ Ke7 29. c5 Nxd3 30. cxd6+ Kd8 31. Qxd3 Re1+ 32. Kc2 Qxf2+ 33. Kc3 Re3 34. Rg8+ Kd7 35. Rg7+ Kxd6 36. Rg6+ Kc7 37. Rg7+ Kb6 38. Qxe3 Qxe3+ 39. Kc2 Qe2+ 40. Kc3 Qe3+ 41. Kc2 Qf2+ 42. Kc3 Qf3+ 43. Kc2 Qxh3 44. Re7 Qf5+ 45.
Kc3 Qf3+ 46. Kc2 Qg2+ 47. Kc3 Qh3+ 48. Kc2 Qh4 49. Re2 Qxd4 50. Rd2 Qc4+ 51. Kd1 Qxa2 52. Rc2 Qb1+ 53. Kd2 Qxc2+ 54. Kxc2 Kb5 55. Kb3 a5 56.
Kc3 b6 57. Kb3 c5 58. Ka3 Kc4 59. Ka4 Kd3 60. Kb5 Kc2 61. Kxb6 Kxb2 62. Kxc5 Kb3 63. Kd4 a4 64. Kd3 a3 65. Kd2 Kb2 66. Ke3 a2 67.
Ke4 a1=Q 68. Kf5 Qe1 0-1

[Event "Late-Titled-Tuesday-Blitz-February-06-2024"]
[Site "Chess.com"]
[Date "2024.02.06"]
[Round "2"]
[White "Redzishchess"]
[Black "messiboca"]
[Result "1-0"]
[WhiteElo "2531"]
[BlackElo "2764"]
[TimeControl "180+1"]
[EndTime "14:18:19 PST"]
[Termination "Redzishchess won by resignation"]

1. d4 Nf6 2. c4 a6 3. Nc3 c5 4. d5 b5 5. cxb5 axb5 6. Nxb5 Ba6 7. Nc3 d6 8. g3 g6 9. Bg2 Bg7 10. Nf3 Nbd7 11. O-O Nb6 12. a4 O-O 13. Re1 Nfd7 14. Bf4 Nc4 15. Qc2 Qa5 16. Nd2 Nxb2 17. Ra3 Rfb8 18.
Rb1 Nc4 19. Nxc4 Bxc4 20. Bd2 Rxb1+ 21. Qxb1 Rb8 22. Qc2 Qb4 23. Ra1 Qb2 24. Qxb2 Rxb2 25. Be1 Rc2 26. Ra3 Rc1 27. Kf1 Ne5 28. a5 Nd3 29.
exd3 Bxd3+ 30. Ne2 Ba6 31. Bf3 Bb2 32. Ra2 Bc3 33.
Kg2 Bxe2 34. Bxe2 Bxe1 35. a6 1-0

[Event "Late-Titled-Tuesday-Blitz-February-06-2024"]
[Site "Chess.com"]
[Date "2024.02.06"]
[Round "2"]
[White "lluiss"]
[Black "GMG"]
[Result "0-1"]
[WhiteElo "2146"]
[BlackElo "2680"]
[TimeControl "180+1"]
[EndTime "14:18:19 PST"]
[Termination "GMG won on time"]

1. d4 f5 2. Nf3 Nf6 3. e3 g6 4. Be2 Bg7 5. O-O d6 6. d5 c6 7. c4 O-O 8. Nc3 e5 9. dxe6 Bxe6 10. Qc2 Na6 11. Rd1 Qe7 12. Ng5 Nc5 13. Nxe6 Qxe6 14. b3 Nfe4 15. Bb2 Rfe8 16. Bf3 Nxc3 17. Bxc3 Bxc3 18.
Qxc3 a5 19. Rd2 Qe5 20. Rc1 Qxc3 21. Rxc3 Re6 22. g3 Kf7 23. Rc1 Ke7 24. Rcd1 Kd7 25. Kf1 Kc7 26. Ke2 g5 27. Rd4 Rf8 28. Bg2 f4 29.
gxf4 gxf4 30. Bh3 Rh6 31. Bg4 fxe3 32. Kxe3 Rxh2 33. Rf1 Rh6 34. f4 Rh2 35. Rf2 Rh4 36.
Bf3 Ne6 37. Re4 Nxf4 38. Re7+ Kb6 39. Bd1 Rh3+ 40. Rf3 Rxf3+ 41. Bxf3 h5 42. Rh7 Ng6 43. Bxh5 Ne5 44. Be2 Re8 45. Kd2 Rg8 46. Rh2 Kc5 47. a3 Rg3 48. Bd1 a4 0-1

[Event "Late-Titled-Tuesday-Blitz-February-06-2024"]
[Site "Chess.com"]
[Date "2024.02.06"]
[Round "2"]
[White "JM2005GM"]
[Black "OparinGrigoriy"]
[Result "1-0"]
[WhiteElo "2634"]
[BlackElo "2988"]
[TimeControl "180+1"]
[EndTime "14:18:20 PST"]
[Termination "JM2005GM won by resignation"]

1. e4 a6 2. d4 c6 3. Nd2 d5 4. e5 Bf5 5. g4 Bd7 6. Nb3 Qc8 7. h3 h5 8. gxh5 Bf5 9. Bg2 e6 10. Ne2 c5 11. Ng3 Bh7 12. c3 cxd4 13.
Nxd4 Nc6 14. Nxc6 bxc6 15. O-O Nh6 16. c4 Nf5 17. cxd5 exd5 18. Bg5 Bc5 19. Kh2 Ba7 20. Rc1 Qe6 21. Qa4 O-O 22. Qxc6 Qxe5 23. Qxd5 Qxd5 24. Bxd5 Rac8 25. Kg2 a5 26. Rfe1 Bd4 27. Rxc8 Rxc8 28. Nxf5 Bxf5 29. Re7 Rc2 30. Rxf7 Rxf2+ 31. Kg3 Kh7 32.
Rxf5 Rxf5 33. Be4 g6 34. hxg6+ Kxg6 35. Kg4 Bxb2 36. Bxf5+ Kg7 37. h4 a4 38. h5 a3 39. Bf4 Kf6 40. Bc2 Bc3 41. h6 Bd4 42.
Kh5 Bc3 43. h7 Kg7 44. Bg5 Kh8 45. Kg6 Bg7 46. Kf7 Bb2 47. Ke6 Bc3 48. Kd5 Bb2 49.
Kc4 Bg7 50. Be7 Bb2 51. Kb3 1-0

[Event "Late-Titled-Tuesday-Blitz-February-06-2024"]
[Site "Chess.com"]
[Date "2024.02.06"]
[Round "2"]
[White "HalfIsCrayfish"]
[Black "mbojan"]
[Result "1-0"]
[WhiteElo "2584"]
[BlackElo "2850"]
[TimeControl "180+1"]
[EndTime "14:18:20 PST"]
[Termination "HalfIsCrayfish won by checkmate"]

1. Nc3 g6 2. e4 a6 3. g3 b5 4.
Bg2 b4 5. Nce2 Bb7 6. d3 Bg7 7. Nh3 e6 8. O-O Ne7 9. Rb1 d5 10. f4 dxe4 11. dxe4 Qxd1 12. Rxd1 Nd7 13. e5 Bxg2 14.
Kxg2 Nd5 15. c4 bxc3 16. Nxc3 Nxc3 17. bxc3 Rb8 18. Ba3 Rb6 19. Ng5 Rxb1 20. Rxb1 Bf8 21. Bxf8 Kxf8 22. Rb7 Ke7 23. Rxc7 Rb8 24. Ne4 Rb2+ 25. Kf3 Kd8 26. Ra7 Rxa2 27. Nd6 f5 28.
Ke3 Ra3 29. Kd4 Ra4+ 30. c4 Ra1 31. Nf7+ Ke7 32. Ng5 h6 33. Nh7 Kd8 34. Nf6 Rd1+ 35. Kc3 Nc5 36. Kb4 Nd3+ 37. Ka5 Rb1 38. Rd7+ Kc8 39.
Rxd3 g5 40. fxg5 hxg5 41. h4 gxh4 42. gxh4 Rh1 43. h5 Kc7 44. Kb4 Kc6 45. Rd6+ Kb7 46. Rxe6 f4 47. Nd5 f3 48. Rb6+ Kc8 49. Rf6 Rxh5 50. e6 Re5 51. Rf8+ Kb7 52. e7 f2 53. Rxf2 Rxd5 54. cxd5 a5+ 55. Kc5 a4 56. e8=Q a3 57. Qc6+ Kb8 58. Rf8+ Ka7 59. Ra8# 1-0

[Event "Late-Titled-Tuesday-Blitz-February-06-2024"]
[Site "Chess.com"]
[Date "2024.02.06"]
[Round "2"]
[White "Yeritsyaan"]
[Black "h4parah5"]
[Result "0-1"]
[WhiteElo "2611"]
[BlackElo "2973"]
[TimeControl "180+1"]
[EndTime "14:18:23 PST"]
[Termination "h4parah5 won by resignation"]

1. e4 c5 2. Nf3 e6 3. Nc3 a6 4.
d4 cxd4 5. Nxd4 b5 6. Qf3 Bb7 7.
Bd3 Nc6 8. Nxc6 Bxc6 9. O-O Qb8 10. Bf4 Bd6 11. Bxd6 Qxd6 12. Rad1 Qe5 13. Rfe1 Nf6 14. Qg3 Qxg3 15. hxg3 e5 16. a3 d6 17. f3 h5 18. Be2 Ke7 19. Rd2 Rhd8 20. Red1 Rab8 21. Kf2 g5 22. Ke3 Rb6 23. b4 Bb7 24. f4 Rc8 25. Nd5+ Bxd5 26. exd5 gxf4+ 27. gxf4 Rc3+ 28. Rd3 Nxd5+ 29. Ke4 Rxd3 30. Rxd3 Nxf4 31. Rd2 d5+ 32. Kf5 Rf6+ 33. Kxe5 Nxe2 34. Rxd5 Nf4 35. Rc5 Ne6 36. Rc6 Rf2 37. c4 Re2+ 38. Kd5 bxc4 39. Rxc4 Rxg2 40. a4 Rd2+ 41. Ke5 f6+ 42. Kf5 Rd5+ 43. Kg6 Rd4 44. Rc6 h4 45. Rxa6 h3 46. Ra7+ Rd7 47. Ra8 Nf8+ 0-1

[Event "Late-Titled-Tuesday-Blitz-February-06-2024"]
[Site "Chess.com"]
[Date "2024.02.06"]
[Round "2"]
[White "Chessdreamer2020"]
[Black "ProfessorChess101"]
[Result "1-0"]
[WhiteElo "2561"]
[BlackElo "2805"]
[TimeControl "180+1"]
[EndTime "14:18:24 PST"]
[Termination "Chessdreamer2020 won by resignation"]

1. e4 c5 2. Nf3 Nc6 3. Bb5 e5 4. O-O Bd6 5. Re1 a6 6. Bf1 Nf6 7. c3 O-O 8. a4 Re8 9. Na3 Bf8 10. Nc4 d6 11. d3 Rb8 12. a5 Be6 13. Qa4 h6 14.
Nb6 d5 15. h3 Qc7 16. g3 Rbd8 17. Bg2 d4 18. c4 Nb4 19. Bf1 Nd7 20. Nd5 Bxd5 21.
cxd5 c4 22. dxc4 d3 23. Bd2 Nc2 24. Bxd3 Nxa1 25. Qxa1 Qc8 26. b4 f5 27. c5 fxe4 28.
Bxe4 Nf6 29. Bg6 Rxd5 30. Bxe8 Qxe8 31. Rxe5 Qd8 32. Qa2 Kh7 33. Rxd5 Nxd5 34. Qc2+ Kh8 35. Ne5 Qf6 36. Qe4 Ne7 37. Bc3 Qe6 38. Kg2 Kg8 39. Qxb7 Qd5+ 40. Qxd5+ Nxd5 41. Bd2 Be7 42. Nc6 Bf6 43. Nb8 Nc7 44. c6 Kf7 45. Bf4 Bd8 46. Bxc7 Bxc7 47. Nxa6 Bd6 48. c7 Bxc7 49. Nxc7 1-0

[Event "Late-Titled-Tuesday-Blitz-February-06-2024"]
[Site "Chess.com"]
[Date "2024.02.06"]
[Round "2"]
[White "morte-negra"]
[Black "ljuks68"]
[Result "0-1"]
[WhiteElo "2003"]
[BlackElo "2427"]
[TimeControl "180+1"]
[EndTime "14:18:24 PST"]
[Termination "ljuks68 won by resignation"]

1. e4 e6 2. d4 d5 3. e5 c5 4. c3 Nc6 5. Nf3 Qb6 6. Bd3 cxd4 7. O-O Bd7 8. Re1 f6 9. exf6 Nxf6 10. a3 dxc3 11.
Nxc3 Bd6 12. b4 O-O 13. Bb2 a6 14. h3 Rad8 15. Rc1 Bb8 16. Na4 Qc7 17. Nc5 Bc8 18.
Ne5 Ne4 19. Qh5 Nxe5 20. Nxe4 Qf7 21. Qxf7+ Nxf7 22. Nc5 e5 23. f3 b6 24. Nb3 Bb7 25. Kh1 Rfe8 26. Bf5 g6 27. Bb1 e4 28. fxe4 dxe4 29.
Nd4 Ne5 30. Bxe4 Bxe4 31. Rxe4 Nd3 32. Rxe8+ Rxe8 33. Nf3 Nxc1 34. Bxc1 Rd8 35. Be3 Rd1+ 36. Bg1 Bg3 37. h4 Bf2 38. Kh2 Bxg1+ 39. Nxg1 Ra1 40.
Nf3 Rxa3 0-1

[Event "Late-Titled-Tuesday-Blitz-February-06-2024"]
[Site "Chess.com"]
[Date "2024.02.06"]
[Round "2"]
[White "Laico"]
[Black "Sanyura"]
[Result "0-1"]
[WhiteElo "2375"]
[BlackElo "2687"]
[TimeControl "180+1"]
[EndTime "14:18:26 PST"]
[Termination "Sanyura won on time"]

1. e4 c5 2. Nc3 e6 3. f4 Nc6 4. Nf3 d5 5. Bb5 a6 6. Bxc6+ bxc6 7. d3 Bd6 8. O-O Ne7 9. Na4 O-O 10. c4 Rb8 11. b3 f5 12. e5 Bc7 13.
Ba3 Ng6 14. Bxc5 Nxf4 15. Bxf8 Qxf8 16. Nd4 Ng6 17. Nxc6 Ra8 18. cxd5 exd5 19. d4 Bd7 20. Rc1 f4 21. Qd2 Qf5 22. Ne7+ Nxe7 23. Rxc7 Ng6 24. Nc5 Bb5 25. Rf2 Rf8 26. a4 Be8 27. Nd3 Qg4 28. Nb4 f3 29. Nxd5 fxg2 30. Rxf8+ Nxf8 31. Ne7+ Kh8 32. Qf2 Ne6 33. Rc8 Qh5 34. Nd5 h6 35. Nf4 Nxf4 36. Qxf4 Kh7 37. Qe4+ Bg6 38. Qxg2 Qd1+ 39.
Qf1 Qxd4+ 40. Kg2 Qg4+ 41. Kf2 Qxc8 0-1

[Event "Late-Titled-Tuesday-Blitz-February-06-2024"]
[Site "Chess.com"]
[Date "2024.02.06"]
[Round "2"]
[White "SHIVACalypso"]
[Black "youngdinousaur"]
[Result "1-0"]
[WhiteElo "2533"]
[BlackElo "2328"]
[TimeControl "180+1"]
[EndTime "14:18:26 PST"]
[Termination "SHIVACalypso won on time"]

1. Nf3 Nf6 2. c4 e6 3. g3 d5 4. Bg2 Be7 5. O-O O-O 6. b3 b6 7.
Bb2 Bb7 8. e3 c5 9. d4 dxc4 10.
bxc4 cxd4 11. exd4 Nc6 12. Nbd2 Na5 13. Re1 Rc8 14. Rc1 Qc7 15. Qe2 Rfd8 16. d5 Bc5 17. dxe6 Re8 18. Ng5 fxe6 19. Nxe6 Qe7 20. Bxb7 Nxb7 21.
Qf3 Qd7 22. Bxf6 Rxe6 23. Rxe6 Qxe6 24. Bxg7 Kxg7 25. Qxb7+ Kg8 26. Qe4 Qf6 27. Qg4+ Kf7 28. Qxc8 Qxf2+ 29. Kh1 Qxd2 30. Rf1+ Kg7 31. Qg4+ Kh8 32.
Qf3 Qd7 33. Qf6+ Kg8 34. Qg5+ Kh8 35. Qe5+ Kg8 36. Qd5+ Qxd5+ 37. cxd5 b5 38. Kg2 a5 39. Kf3 a4 40. Ke4 b4 41. Rc1 Bd6 42. Rc6 1-0

[Event "Late-Titled-Tuesday-Blitz-February-06-2024"]
[Site "Chess.com"]
[Date "2024.02.06"]
[Round "2"]
[White "Chemim21"]
[Black "winniethepooh04"]
[Result "0-1"]
[WhiteElo "2236"]
[BlackElo "2511"]
[TimeControl "180+1"]
[EndTime "14:18:26 PST"]
[Termination "winniethepooh04 won on time"]

1. e4 e6 2. d4 d5 3. exd5 exd5 4. Nf3 Nf6 5. c4 Be7 6. Nc3 O-O 7. Be3 c6 8. Qb3 h6 9. h3 dxc4 10. Bxc4 Nbd7 11.
Ne5 Nxe5 12. dxe5 Nd7 13. e6 fxe6 14. Bxe6+ Kh8 15. O-O-O Qc7 16. Qc4 Nb6 17. Qe4 Bf6 18. Bxc8 Raxc8 19. Bd4 Rce8 20. Qd3 Rd8 21. Qe4 Rde8 22.
Qg4 Bxd4 23. Qxd4 Rd8 24. Qc5 Qf4+ 25. Kb1 Rxd1+ 26. Rxd1 Qxf2 27. Qxf2 Rxf2 28. Rd8+ Kh7 29. Rb8 Rf7 30. Ne4 Nc4 31. b3 Rf1+ 32. Kc2 Ne3+ 33. Kd3 Nxg2 34. Rxb7 Nf4+ 35. Ke3 Nxh3 36. Rxa7 Re1+ 37. Kd3 Nf4+ 38. Kd4 h5 39. a4 h4 40. a5 h3 41. Ng5+ Kg6 42. Nxh3 Nxh3 43. a6 Nf4 44. Rc7 Rd1+ 0-1

[Event "Late-Titled-Tuesday-Blitz-February-06-2024"]
[Site "Chess.com"]
[Date "2024.02.06"]
[Round "2"]
[White "Petukhov_Dmitry"]
[Black "vovachesss"]
[Result "0-1"]
[WhiteElo "2549"]
[BlackElo "2834"]
[TimeControl "180+1"]
[EndTime "14:18:28 PST"]
[Termination "vovachesss won on time"]

1. e4 c5 2. c3 d5 3. exd5 Qxd5 4. d4 Nf6 5. Nf3 e6 6. Be2 Nc6 7. O-O Be7 8. Be3 cxd4 9. cxd4 O-O 10. Nc3 Qd6 11.
Qb3 Qb4 12. Qxb4 Nxb4 13. Rac1 b6 14. Ne5 Bb7 15. a3 Nbd5 16. Bf3 Rac8 17. Bg5 Nxc3 18. Bxb7 Ne2+ 19. Kh1 Rb8 20. Rce1 Rxb7 21. Rxe2 Rc8 22. h3 Nd5 23. Bxe7 Rxe7 24. f4 g6 25. g4 Rec7 26. f5 exf5 27. gxf5 f6 28. Nd3 g5 29. Rff2 Kf7 30. h4 h6 31. Re6 Rd7 32. Rfe2 Ne7 33. Nb4 Nxf5 34. d5 Ng3+ 35. Kg2 Nxe2 36. Rxe2 a5 0-1

[Event "Late-Titled-Tuesday-Blitz-February-06-2024"]
[Site "Chess.com"]
[Date "2024.02.06"]
[Round "2"]
[White "Chempiblinka"]
[Black "JonasEilenberg"]
[Result "1-0"]
[WhiteElo "2351"]
[BlackElo "2521"]
[TimeControl "180+1"]
[EndTime "14:18:28 PST"]
[Termination "Chempiblinka won by resignation"]

1. Nf3 d5 2. g3 Bg4 3. Bg2 Nd7 4.
O-O c6 5. c4 e6 6. cxd5 exd5 7.
d3 Ngf6 8. Nc3 Be7 9. h3 Bh5 10. e4 O-O 11. Qc2 dxe4 12. dxe4 Bxf3 13. Bxf3 Ne5 14.
Be2 Bc5 15. Kg2 Qe7 16. f4 Ned7 17. e5 Nd5 18. Nxd5 cxd5 19. Bd3 h6 20. Qe2 Rac8 21. Bd2 Bd4 22. Rab1 Nc5 23. Bf5 Rc7 24. Bb4 g6 25.
Bg4 h5 26. Bf3 Qd7 27. Rfd1 Ne6 28. Bxf8 Kxf8 29. Rbc1 h4 30. Rxc7 Qxc7 31. Bxd5 Qc5 32. Bxe6 fxe6 33. Qe4 hxg3 34. Qxd4 Qc6+ 35. Kxg3 Qc2 36.
Qd6+ Kg7 37. Qd7+ Kh6 38. Qd2 Qe4 39. f5+ g5 40. Rf1 Qxe5+ 41. Kg2 exf5 42. Qf2 f4 43. Qf3 Qxb2+ 44. Rf2 Qb5 45. h4 a5 46. Qg4 Qd5+ 47.
Kh2 Qd4 48. Qxg5+ Kh7 49. Qxf4 Qd5 50. Qf5+ Qxf5 51. Rxf5 1-0

[Event "Late-Titled-Tuesday-Blitz-February-06-2024"]
[Site "Chess.com"]
[Date "2024.02.06"]
[Round "2"]
[White "ccccvhhhj"]
[Black "Horokoskii"]
[Result "1-0"]
[WhiteElo "2458"]
[BlackElo "2145"]
[TimeControl "180+1"]
[EndTime "14:18:28 PST"]
[Termination "ccccvhhhj won on time"]

1. d4 Nf6 2. Bg5 Ne4 3. h4 h6 4. Bf4 c5 5. f3 Nf6 6. d5 d6 7.
Nc3 Qa5 8. e4 Nbd7 9. Bd3 Rb8 10. Nh3 b5 11. Qd2 c4 12. Be2 Nh5 13. Be3 Ng3 14. Rg1 Nxe2 15. Nxe2 Qxd2+ 16. Bxd2 g6 17. Bc3 Rg8 18. Nd4 a6 19. Nc6 Ra8 20. O-O-O Bb7 21. f4 Bg7 22. Nd4 Rb8 23. Rge1 Nc5 24. e5 dxe5 25. fxe5 Bxd5 26. Nf4 Ba8 27. e6 Nxe6 28.
Ndxe6 fxe6 29. Nxe6 Bxc3 30. bxc3 Kf7 31. Rd2 g5 32. h5 Rgc8 33. Rf2+ Kg8 34. Nd4 Rf8 35. Rfe2 Rbe8 36. g4 Rf4 37. Nf5 Rxf5 38. gxf5 Kf7 39. Re6 Bd5 40. Rxh6 Bf3 41. Rg6 Bxh5 42. Rxg5 Bf3 43.
Re6 Bd5 44. Rxa6 Rh8 45. Kb2 Rh1 46. f6 exf6 47. Rxd5 1-0

[Event "Late-Titled-Tuesday-Blitz-February-06-2024"]
[Site "Chess.com"]
[Date "2024.02.06"]
[Round "2"]
[White "ChessLover0108"]
[Black "JoakimVonAnd"]
[Result "0-1"]
[WhiteElo "3005"]
[BlackElo "2643"]
[TimeControl "180+1"]
[EndTime "14:18:29 PST"]
[Termination "JoakimVonAnd won on time"]

1. c4 c6 2. Nf3 d5 3. e3 Nf6 4.
Nc3 Bf5 5. cxd5 cxd5 6. Qb3 Bc8 7. d4 e6 8. Bd2 Be7 9. Rc1 O-O 10.
Bd3 Nc6 11. O-O Bd7 12. Rfd1 Na5 13. Qc2 Rc8 14. Be1 b5 15. a3 Nc4 16. Qe2 a5 17. Ne5 Be8 18. e4 b4 19. axb4 axb4 20. Na2 Ba4 21. Nxc4 Bxd1 22. Rxd1 dxc4 23. Bxc4 Qb6 24. b3 Rfd8 25. d5 exd5 26. exd5 Bc5 27. Nc1 Re8 28. Qf3 Rcd8 29. Nd3 Bd6 30. Bd2 Ne4 31. Be3 Qc7 32. g3 Nc3 33. Ra1 Ra8 34. Rxa8 Rxa8 35.
h4 Qd7 36. Kg2 h6 37. Bd4 Ra2 38. Ne5 Qe7 39. Qf5 Nd1 40. Ng4 Rd2 41. Ba1 Ne3+ 42. Nxe3 Qxe3 0-1

[Event "Late-Titled-Tuesday-Blitz-February-06-2024"]
[Site "Chess.com"]
[Date "2024.02.06"]
[Round "2"]
[White "dretch"]
[Black "OneTrickPony_82"]
[Result "1-0"]
[WhiteElo "2809"]
[BlackElo "2539"]
[TimeControl "180+1"]
[EndTime "14:18:29 PST"]
[Termination "dretch won by resignation"]

1. d4 Nf6 2. c4 e6 3. Nc3 d5 4.
cxd5 exd5 5. Bg5 Be7 6. e3 h6 7. Bh4 c6 8. Bd3 O-O 9. Qc2 Nbd7 10. Nf3 Re8 11. O-O Ne4 12. Bxe7 Qxe7 13. b4 a6 14. a4 Ndf6 15. Rab1 b5 16. Ne5 Bd7 17.
Bxe4 Nxe4 18. Nxe4 dxe4 19. Rfc1 Rac8 20. Qc5 f6 21. Qxe7 Rxe7 22. Nxd7 Rxd7 23. a5 Kf7 24.
Rc3 Ke6 25. Rbc1 Rd6 26. g4 Kd7 27. Kg2 Re8 28. Kg3 Ree6 29. Rc5 g5 30. h4 Rd5 31.
Rxd5+ cxd5 32. Rc5 Rd6 33. h5 Ke6 34. f3 f5 35. Rc8 exf3 36. Kxf3 fxg4+ 37. Kxg4 Kf6 38. Rf8+ Kg7 39. Ra8 Kf6 40. Ra7 Re6 41. Rh7 Rxe3 42. Rxh6+ Kf7 43. Rxa6 Re4+ 44. Kxg5 Rxd4 45. Rb6 Rxb4 46.
a6 Ra4 47. Rb7+ Kg8 48. a7 d4 49. Rb8+ Kg7 50. a8=Q 1-0

[Event "Late-Titled-Tuesday-Blitz-February-06-2024"]
[Site "Chess.com"]
[Date "2024.02.06"]
[Round "2"]
[White "js20000"]
[Black "Squirlolz"]
[Result "0-1"]
[WhiteElo "2818"]
[BlackElo "2567"]
[TimeControl "180+1"]
[EndTime "14:18:32 PST"]
[Termination "Squirlolz won on time"]

1. d4 Nf6 2. c4 c5 3. Nf3 e6 4.
g3 b6 5. Bg2 Bb7 6. d5 exd5 7. Nh4 g6 8. Nc3 Bg7 9. Bg5 Qc8 10. Nb5 O-O 11. Nd6 Qc7 12. Nxb7 Qxb7 13. cxd5 d6 14. O-O b5 15. a4 a6 16. axb5 axb5 17. Rxa8 Qxa8 18. b4 Nbd7 19. bxc5 Nxc5 20.
Be3 Nfd7 21. Nf3 b4 22. Nd4 Re8 23. Bf4 Ne5 24. Nc6 b3 25. Be3 Qa3 26. Bd4 b2 27.
Qc2 Nxc6 28. Bxg7 Kxg7 29. dxc6 Rb8 30. Rb1 Kg8 31. Bd5 Na4 32. c7 Rc8 33. Bb7 Rxc7 34. Qxc7 Nc3 35. Qb8+ Kg7 36. Rf1 b1=Q 37. Rxb1 Nxb1 38.
Bf3 Nc3 39. Kg2 Na4 40. Qe8 Nc5 41. Bd5 Ne6 0-1